 Dungeon Crawl Stone Soup version 0.28-a0-1506-g3893175d92 (webtiles) character file.

Game seed: 1286346482932519476

18516 chunkyMonkey the Fighter (level 12, -9/128 HPs)
             Began as an Ogre Venom Mage on Jan 13, 2022.
             Was the Champion of Cheibriados.
             Mangled by an orc warrior (26 damage)
             ... led by an orc warlord
             ... on level 2 of the Orcish Mines.
             The game lasted 00:40:58 (25306 turns).

chunkyMonkey the Fighter (Ogre Venom Mage)         Turns: 25306, Time: 00:40:59

Health: -9/128     AC: 11    Str: 34    XL:     12   Next: 59%
Magic:  1/25       EV: 10    Int: 31    God:    Cheibriados [******]
Gold:   642        SH:  0    Dex: 30    Spells: 20/30 levels left

rFire   + . .      SeeInvis .   L - +7 hand axe (elec)
rCold   . . .      Faith    .   (no shield)
rNeg    . . .      Spirit   .   D - +0 swamp dragon scales
rPois   +          Reflect  .   (helmet restricted)
rElec   .          Harm     .   d - +0 cloak
rCorr   .          Rampage  .   (gloves unavailable)
Will    +....                   (boots unavailable)
Stlth   ++........              h - amulet of regeneration
HPRegen 1.11/turn               g - ring of protection from fire
MPRegen 0.19/turn               r - +6 ring of dexterity

@: very slow
A: large, unfitting armour, tough skin 1
a: Renounce Religion, Bend Time, Temporal Distortion, Slouch, Step From Time


You were on level 2 of the Orcish Mines.
You worshipped Cheibriados.
Cheibriados was exalted by your worship.
You visited 3 branches of the dungeon, and saw 14 of its levels.

You collected 956 gold pieces.
You spent 314 gold pieces at shops.

Inventory:

Hand Weapons
 w - a +1 hand axe of draining
 C - a +2 mace of holy wrath
 L - a +7 hand axe of electrocution (weapon)
Missiles
 E - 14 poisoned darts
Armour
 d - a +0 cloak (worn)
 t - a +0 tower shield
 A - a +0 robe of resistance
 D - +0 swamp dragon scales (worn)
 N - +0 acid dragon scales
Jewellery
 g - a ring of protection from fire (left hand)
 h - an amulet of regeneration (around neck)
 r - a +6 ring of dexterity (right hand)
 y - a ring of resist corrosion
 B - a ring of fire
Wands
 a - a wand of charming (6)
 F - a wand of acid (4)
 I - a wand of iceblast (7)
 M - a wand of digging (9)
Scrolls
 b - a scroll of summoning {unknown}
 c - 2 scrolls of immolation
 e - 5 scrolls of fog
 l - 2 scrolls of blinking
 n - 6 scrolls of enchant armour
 p - 2 scrolls of holy word {unknown}
 q - a scroll of fear
 u - 3 scrolls of amnesia {unknown}
 v - 2 scrolls of magic mapping {unknown}
 H - 3 scrolls of teleportation
 J - 2 scrolls of noise {unknown}
Potions
 f - a potion of might
 i - a potion of invisibility
 k - 4 potions of curing
 m - a potion of lignification
 o - a potion of magic {unknown}
 s - 5 potions of mutation {unknown}
 x - 2 potions of brilliance {unknown}
 z - 2 potions of haste {unknown}
 G - 2 potions of resistance {unknown}
 O - a potion of flight {unknown}


   Skills:
 * Level 10.9 Fighting
 * Level 8.3 Axes
 * Level 7.0 Armour
 - Level 2.0 Dodging
 - Level 2.0 Stealth
 * Level 7.0 Shields
 * Level 9.5 Spellcasting
 - Level 1.0 Transmutations
 - Level 2.0 Air Magic
 - Level 8.0 Poison Magic
 - Level 2.0 Invocations


You had 20 spell levels left.
You knew the following spells:

 Your Spells              Type           Power      Damage    Failure   Level
a - Sting                 Tmut/Pois      100%       1d8       1%          1
b - Poisonous Vapours     Pois/Air       90%        N/A       1%          2
c - Olgreb's Toxic Radia  Pois           59%        N/A       1%          4
d - Mephitic Cloud        Conj/Pois/Air  35%        N/A       3%          3

Your spell library contained the following spells:

 Spells                   Type           Power      Damage    Failure   Level
 Freeze                   Ice            56%        1d7       4%          1
 Blink                    Tloc           28%        N/A       7%          2
 Call Canine Familiar     Summ           14%        N/A       14%         3
 Frozen Ramparts          Ice            28%        1d4       14%         3
 Lesser Beckoning         Tloc           14%        N/A       14%         3
 Portal Projectile        Hex/Tloc       28%        N/A       14%         3
 Stone Arrow              Conj/Erth      28%        3d8       14%         3
 Animate Armour           Summ/Erth      28%        N/A       41%         4
 Hailstorm                Conj/Ice       14%        3d5       41%         4
 Leda's Liquefaction      Hex/Erth       7%         N/A       41%         4
 Manifold Assault         Tloc           14%        N/A       77%         5
 Lehudib's Crystal Spear  Conj/Erth      7%         10d3      100%        8


Dungeon Overview and Level Annotations

Branches:
Dungeon (11/15)            Temple (1/1) D:5            Lair (0/6) D:11
    Orc (2/2) D:9
    Elf: Orc:2

Altars:
Ashenzari
Cheibriados
Dithmenos
Elyvilon
Fedhas
Gozag
Hepliaklqana
Kikubaaqudgha
Makhleb
Nemelex Xobeh
Okawaru
Qazlal
Ru
Sif Muna
Trog
Uskayaw
Vehumet
Wu Jian
Xom
Yredelemnul
Zin
The Shining One

Shops:
D:3 !   D:6 *   D:8 *   Orc:1 ?

Portals:
Trove: D:11 (give +4 shadow dragon scales)

Annotations:
D:3 Grinder


Innate Abilities, Weirdness & Mutations

You are too large for most types of armour.
You have tough skin. (AC +1)


Message History

The orc warlord unwields a +1 vorpal great mace.
The orc warlord wields a +0 arbalest.
The orc warlord shoots a bolt.
The bolt hits you.
* * * LOW HITPOINT WARNING * * *
The orc warlord is engulfed in noxious fumes.
The orc warlord shoots a bolt.
The bolt hits you but does no damage.
The orc warlord is engulfed in noxious fumes.
The orc warlord roars a battlecry!
Casting: Olgreb's Toxic Radiance (mildly dangerous; 1% risk of failure)
Confirm with . or Enter, or press ? or * to list all spells.
Aiming: Mephitic Cloud (mildly dangerous; 3% risk of failure)
Press: ? - help, Shift-Dir - straight line, f/p - orc warlord
Aim: an orc warlord, wielding a +0 arbalest, wearing a +0 plate armour and quivering bolts (almost dead, extremely poisoned, chance to affect: 29%)
The ball explodes into a vile cloud!
The stinking cloud engulfs the orc warlord but does no damage.
The orc warlord is almost dead.
You hear a shout! x2
The orc warlord is engulfed in noxious fumes.
The orc warlord appears confused.
Casting: Mephitic Cloud (mildly dangerous; 3% risk of failure)
Confirm with . or Enter, or press ? or * to list all spells.
You begin to radiate toxic energy.
The orc warrior is poisoned.
The orc warlord looks as sick as possible!
The orc warrior looks even sicker.
The orc warrior hits you from afar with a +0 glaive!!
* * * LOW HITPOINT WARNING * * *
You hear a shout!
You feel better.
The orc warlord looks as sick as possible!
The orc warrior closely misses you.
The orc warlord looks as sick as possible!
The orc warrior looks even sicker.
Your toxic aura wanes.
You kill the orc warlord!
Cheibriados appreciates the change of pace.
The orc warrior closely misses you.
Your Armour skill increases to level 7!
Your Shields skill increases to level 7!
The orc warrior hits you from afar with a +0 glaive!!
You die...

###.#...## ##.#.....#.#
#........###..#.)...#.#
..........#...##.).##.#
..............o#)###..#
#.............o.......#
.............)###)..###
..†).........###o...##
.........#...###.....#
............###.@....###
.............###....##.#
.....#.#o...###.<......##
............##.....#....#
.....)o......#.....#....###
.8.8o....#...#...#####..#.#
.)..........#.....###.....#
#))'##..........<..#......#
..)..###...##...........#.#


You could see an orc warrior (strong, very poisoned).

Vanquished Creatures
  An orc warlord (Orc:2)
  Harold (D:9)
  A two-headed ogre (D:11)
  An orc high priest (Orc:2)
  An orc knight (Orc:1)
  2 orc sorcerers
  A manticore (D:11)
  Joseph (D:8)
  An unseen horror (D:10)
  Psyche (D:11)
  Maggie (D:6)
  A kobold demonologist (D:9)
  2 komodo dragons (D:11)
  3 trolls
  3 hornets
  4 slime creatures (D:8)
  A vampire (D:9)
  A basilisk (D:11)
  6 yaks
  A steam dragon (D:6)
  4 wyverns
  2 vampire mosquitoes (D:11)
  Edmund (D:6)
  A warg (Orc:2)
  4 water moccasins
  2 acid dragons
  21 orc warriors
  A sky beast (D:7)
  6 black bears
  An ice beast (D:7)
  2 necrophages
  3 ogres
  7 centaurs
  A phantom (D:5)
  A kobold brigand (D:8)
  6 bullfrogs
  A gnoll sergeant (D:6)
  2 scorpions
  2 water moccasin skeletons (D:5)
  4 killer bees (D:9)
  10 wights
  3 electric eels (D:9)
  5 centaur zombies
  A bullfrog zombie (D:7)
  A gnoll shaman (D:1)
  2 hounds
  9 orc priests
  A centaur skeleton (D:6)
  2 iguanas
  17 orc wizards
  A hound skeleton (D:5)
  A howler monkey zombie (D:7)
  8 gnolls
  5 adders
  A shadow imp (D:4)
  An ufetubus (D:4)
  An adder skeleton (D:4)
  2 worms (D:2)
  3 dart slugs
  66 orcs
  6 endoplasms
  2 giant cockroaches
  5 goblins
  4 hobgoblins
  3 quokkas
  5 ball pythons
  8 bats
  6 frilled lizards
  9 kobolds
  3 rats
297 creatures vanquished.

Vanquished Creatures (others)
  An orc wizard (D:9)
  55 fungi (D:11)
  62 plants
118 creatures vanquished.

Grand Total: 415 creatures vanquished

Notes
Turn   | Place    | Note
-------+----------+-------------------------------------------
     0 | D:1      | chunkyMonkey the Ogre Venom Mage began the quest for the
                  | Orb.
     0 | D:1      | Reached XP level 1. HP: 16/16 MP: 3/3
  1094 | D:1      | Reached skill level 1 in Fighting
  1094 | D:1      | Reached XP level 2. HP: 27/27 MP: 3/5
  1097 | D:1      | Learned a level 2 spell: Poisonous Vapours
  1296 | D:1      | Reached skill level 1 in Transmutations
  1614 | D:2      | Reached XP level 3. HP: 30/33 MP: 0/7
  1920 | D:1      | Reached skill level 2 in Fighting
  1920 | D:1      | Reached skill level 1 in Axes
  2558 | D:1      | Reached skill level 1 in Armour
  2558 | D:1      | Reached XP level 4. HP: 23/42 MP: 3/8
  3004 | D:1      | HP: 2/42 [gnoll shaman (10)]
  4118 | D:2      | Reached XP level 5. HP: 50/50 MP: 6/9
  4540 | D:2      | Learned a level 4 spell: Olgreb's Toxic Radiance
  6563 | D:3      | Found Qobbext's Distillery.
  6881 | D:3      | Noticed Grinder
  7246 | D:4      | Found a shadowy altar of Dithmenos.
  7789 | D:5      | Entered Level 5 of the Dungeon
  7814 | D:5      | Reached XP level 6. HP: 59/59 MP: 11/11
  7848 | D:5      | Reached skill level 3 in Fighting
  7848 | D:5      | Reached skill level 1 in Air Magic
  8117 | D:5      | Noticed a black bear
  8132 | D:5      | Killed a black bear
  8482 | D:5      | Noticed a black bear
  8496 | D:5      | Killed a black bear
  8497 | D:5      | Reached XP level 7. HP: 67/67 MP: 2/12
  9464 | D:5      | Found a staircase to the Ecumenical Temple.
  9471 | Temple   | Entered the Ecumenical Temple
  9721 | Temple   | Became a worshipper of Cheibriados the Contemplative
  9816 | D:5      | Reached skill level 4 in Fighting
 10621 | D:6      | Noticed a steam dragon
 10636 | D:6      | Killed a steam dragon
 10637 | D:6      | Reached skill level 1 in Shields
 10637 | D:6      | Reached XP level 8. HP: 29/79 MP: 5/14
 10814 | D:6      | Found an iron altar of Okawaru.
 11202 | D:6      | Noticed Maggie
 11205 | D:6      | Found Ynopp's Mass Market.
 11368 | D:3      | Bought a potion of curing for 39 gold pieces
 11368 | D:3      | Bought a potion of heal wounds for 65 gold pieces
 12222 | D:6      | Reached * piety under Cheibriados
 12223 | D:6      | Reached skill level 5 in Fighting
 12402 | D:6      | Reached skill level 5 in Spellcasting
 12644 | D:6      | Noticed Edmund
 12661 | D:6      | Killed Edmund
 13137 | D:7      | Reached skill level 1 in Invocations
 13310 | D:7      | Reached XP level 9. HP: 83/89 MP: 6/17
 13461 | D:7      | Reached skill level 5 in Poison Magic
 13593 | D:7      | Reached skill level 6 in Fighting
 14187 | D:7      | Reached ** piety under Cheibriados
 15599 | D:6      | Killed Maggie
 15600 | D:6      | Reached skill level 5 in Axes
 16131 | D:8      | Reached skill level 7 in Fighting
 16133 | D:8      | Reached XP level 10. HP: 85/102 MP: 5/19
 16253 | D:8      | Found Bukor's General Store.
 16709 | D:8      | Noticed Joseph
 16732 | D:8      | Killed Joseph
 17339 | D:8      | Reached skill level 5 in Armour
 17927 | D:9      | Reached skill level 8 in Fighting
 17932 | D:9      | Reached *** piety under Cheibriados
 18386 | D:9      | Reached skill level 5 in Shields
 18474 | D:9      | Noticed a kobold demonologist
 18483 | D:9      | Killed a kobold demonologist
 18619 | D:9      | Reached XP level 11. HP: 90/113 MP: 16/22
 18990 | D:9      | Reached **** piety under Cheibriados
 19267 | D:9      | Noticed Harold
 19283 | D:9      | Killed Harold
 19284 | D:9      | Reached skill level 9 in Fighting
 19591 | D:9      | Found a staircase to the Orcish Mines.
 19708 | D:10     | Entered Level 10 of the Dungeon
 19735 | D:10     | Found a broken altar of Ashenzari.
 20713 | D:10     | Found a shimmering altar of Xom.
 21410 | D:11     | Reached ***** piety under Cheibriados
 21837 | D:11     | Noticed Psyche
 21847 | D:11     | Killed Psyche
 21937 | D:11     | Noticed a manticore
 22411 | D:11     | Noticed a two-headed ogre
 22421 | D:11     | Killed a two-headed ogre
 22580 | D:11     | Learned a level 3 spell: Mephitic Cloud
 22613 | D:11     | Reached skill level 10 in Fighting
 22618 | D:11     | Reached XP level 12. HP: 59/126 MP: 22/24
 22922 | D:11     | Found a portal to a secret trove of treasure.
 23475 | D:11     | Found a staircase to the Lair.
 23514 | D:11     | Noticed an eight-headed hydra
 23653 | Orc:1    | Entered Level 1 of the Orcish Mines
 23659 | Orc:1    | Paralysed by an orc sorcerer for 7 turns
 23737 | D:9      | HP: 5/190 [troll (8)]
 24640 | Orc:1    | Found Guheedd's Magic Scroll Shoppe.
 24649 | Orc:1    | Bought a scroll of enchant armour for 105 gold pieces
 24649 | Orc:1    | Bought a scroll of enchant weapon for 105 gold pieces
 24871 | Orc:2    | Entered Level 2 of the Orcish Mines
 25111 | Orc:2    | Noticed an orc high priest
 25117 | Orc:2    | Killed an orc high priest
 25277 | Orc:2    | Noticed an orc warlord
 25279 | Orc:2    | Reached ****** piety under Cheibriados
 25303 | Orc:2    | HP: 3/128 [orc warrior[an orc warlord] (29)]
 25305 | Orc:2    | Killed an orc warlord
 25306 | Orc:2    | Mangled by an orc warrior

Illustrated notes

Levels and vault maps discovered:
D:1:      shiori_shiawase, layout_basic
D:2:      layout_rooms, minmay_lizard_king
D:3:      layout_basic, serial_shops, nicolae_shop_hallway_stairs, uniq_grinder
D:4:      layout_cave_pods, nicolae_dithmenos_the_darkroom
D:5:      layout_layer_cave, minmay_temple_entry_hall, minmay_misc_feat_five,
          corexii_checkpoint_b
D:6:      layout_basic, mainiacjoe_overflow_catwalk, serial_co_window_serial,
          co_window_corner_a, co_window_of_opportunity_a, co_window_corner_a,
          co_window_of_opportunity_a, co_window_paths_a, co_window_paths_b,
          co_window_paths_b, co_window_2corner, co_window_corner_b,
          co_window_corner_cb, co_window_broadway_a, co_window_of_opportunity_b,
          co_window_unsneaky_path_e, co_window_paths_d, co_window_4corner_b,
          glass_columns_a, glass_columns_b, minmay_shop_mass, uniq_edmund,
          uniq_maggie
D:7:      layout_cave_pools, kennysheep_small_circle
D:8:      layout_loops_cross, serial_shops, shop, uniq_joseph
D:9:      layout_long_grid, erik_orc_2, st_stairs_11, minmay_crystal_room,
          grunt_decor_mini_mirrors, kennysheep_generic_room_2, uniq_harold
D:10:     layout_loops_corners, nicolae_overflow_crystal_walls,
          evilmike_ruin_ashenzari
D:11:     layout_roguey, due_lair_maze_entry_diamond,
          nicolae_trove_entry_isolated, uniq_psyche
Temple:   dpeg_five_rooms_temple
Orc:1:    layout_caves, serial_shops, shop, biasface_ghost_orc_armoury
Orc:2:    grunt_orc_community_town_hall, layout_diamond_mine,
          grunt_orc_community_big_house_1, grunt_orc_community_big_house_1,
          grunt_orc_community_house_1, grunt_orc_community_house_3,
          grunt_orc_community_house_3, grunt_orc_community_house_2

Skill      XL: |  1  2  3  4  5  6  7  8  9 10 11 12 |
---------------+-------------------------------------+-----
Fighting       | 1 2 3 4 5 7 8 10 | 10.9
Dodging        | 2 |  2.0
Transmutations | 1 |  1.0
Axes           | 1 2 3 4 5 6 7 8 |  8.3
Armour         | 1 2 3 4 5 6 7 |  7.0
Spellcasting   | 3 4 5 6 7 8 9 |  9.5
Poison Magic   | 3 4 5 6 7 8 |  8.0
Air Magic      | 1 2 |  2.0
Stealth        | 2 |  2.0
Shields        | 1 2 3 5 6 7 |  7.0
Invocations    | 1 2 |  2.0

Action                   |  1- 3 |  4- 6 |  7- 9 | 10-12 || total
-------------------------+-------+-------+-------+-------++-------
Melee: War axe           |    44 |    90 |   148 |       ||   282
       Punch             |       |     1 |     9 |     8 ||    18
       Hand axe          |       |       |   121 |   358 ||   479
       Mace              |       |       |       |    47 ||    47
 Cast: Sting             |    10 |     8 |     3 |     1 ||    22
       Poisonous Vapours |    14 |    38 |    47 |   101 ||   200
       Olgreb's Toxic Ra |       |       |     5 |    56 ||    61
       Mephitic Cloud    |       |       |       |     3 ||     3
Invok: Bend Time         |       |       |       |    10 ||    10
Evoke: Wand              |       |       |       |     7 ||     7
  Use: Scroll            |       |     5 |     6 |     7 ||    18
       Potion            |       |       |     4 |     7 ||    11
 Stab: Sleeping          |     2 |     1 |     2 |       ||     5
       Distracted        |       |       |       |     1 ||     1
Armor: Robe              |    11 |    43 |    74 |       ||   128
       Swamp dragon scal |       |       |    10 |   244 ||   254
       Skin              |       |       |       |    29 ||    29
Dodge: Dodged            |    27 |    52 |   160 |   270 ||   509
Block: Tower shield      |       |       |     4 |       ||     4

Table legend: (Time is in decaauts)
 A = Elapsed time spent in this place.
 B = Non-inter-level travel time spent in this place.
 C = Inter-level travel time spent in this place.
 D = Time resting spent in this place.
 E = Time spent auto-exploring this place.
 F = Levels seen in this place.
 G = Mean time per level.
                   A        B        C        D        E       F      G
               +--------+--------+--------+--------+--------+-----+--------+
         Total |  28832 |  27485 |   1347 |  13865 |  10030 |  14 | 2059.4 |
       Dungeon |  27292 |  26067 |   1225 |  13596 |   9329 |  11 | 2481.1 |
        Temple |    317 |    218 |     99 |      0 |    201 |   1 |  317.0 |
  Orcish Mines |   1222 |   1200 |     22 |    269 |    500 |   2 |  611.0 |
               +--------+--------+--------+--------+--------+-----+--------+

Top non-repeatable levels by time:
     D:9: 3765 daAuts
     D:6: 3311 daAuts
     D:1: 3114 daAuts
     D:8: 2631 daAuts
    D:11: 2502 daAuts
     D:5: 2463 daAuts
     D:2: 2395 daAuts
     D:3: 2198 daAuts
     D:7: 2197 daAuts
    D:10: 1748 daAuts
     D:4: 962 daAuts
   Orc:1: 639 daAuts
   Orc:2: 582 daAuts
  Temple: 317 daAuts
